 Dungeon Crawl Stone Soup version 0.20-a0-971-g5896763 (webtiles) character file.

906 inmateoo the Chopper (level 8, -1/62 HPs)
             Began as a Formicid Fighter on Apr 8, 2017.
             Was an Initiate of Okawaru.
             Slain by an orc warrior
             ... wielding a +0 short sword
              (4 damage)
             ... on level 6 of the Dungeon.
             The game lasted 00:05:41 (4551 turns).

inmateoo the Chopper (Formicid Fighter)             Turns: 4551, Time: 00:05:42

Health: -1/62      AC:  9    Str: 23    XL:     8   Next: 29%
Magic:  8/8        EV:  7    Int:  8    God:    Okawaru [......]
Gold:   139        SH: 10    Dex: 10    Spells: 7/7 levels left

rFire    . . .     SeeInvis +   a - +0 war axe
rCold    . . .     Gourm    .   c - +0 shield
rNeg     . . .     Faith    .   m - +0 chain mail
rPois    .         Spirit   .   (helmet unavailable)
rElec    .         Reflect  .   (no cloak)
rCorr    .         Harm     .   (no gloves)
MR       ++...                  (no boots)
Stlth    ..........             (no amulet)
Regen    0.2/turn               k - ring of protection from magic
MPRegen  0.2/turn               o - ring of protection from magic

@: no status effects
A: permanent stasis, dig shafts and tunnels, four strong arms, antennae 3
a: Dig, Shaft Self, Renounce Religion


You were on level 6 of the Dungeon.
You worshipped Okawaru.
Okawaru was noncommittal.
You were hungry.

You visited 2 branches of the dungeon, and saw 7 of its levels.

You collected 211 gold pieces.
You spent 72 gold pieces at shops.

Inventory:

Hand Weapons
 a - a +0 war axe (weapon)
 t - the +2 falchion of Terror {slice, Str+5}
   (You found it on level 6 of the Dungeon)

   It inflicts extra damage upon your enemies.
   It affects your strength (+5).
Armour
 c - a +0 shield (worn)
 m - a +0 chain mail (worn)
Jewellery
 i - an uncursed ring of positive energy {unknown}
 k - a ring of protection from magic (left hand)
 o - a ring of protection from magic (right hand)
Scrolls
 b - a scroll of remove curse
 d - a scroll of amnesia
 e - 3 scrolls of identify
 p - a scroll of enchant weapon {unknown}
 q - a scroll of recharging
 r - a scroll of fear
Potions
 h - 4 potions of curing
 l - 2 potions of flight
 n - a potion of cancellation
 v - a potion of might
Books
 s - a book of Changes

   Spells                             Type                      Level
   a - Beastly Appendage              Transmutation                1
   b - Sticks to Snakes               Transmutation                2
   c - Spider Form                    Transmutation/Poison         3
   d - Ice Form                       Ice/Transmutation            4
   e - Blade Hands                    Transmutation                5
Comestibles
 f - 7 bread rations
 g - 2 meat rations
 j - 2 royal jellies


   Skills:
 + Level 5.2 Fighting
 * Level 6.1 Axes
 + Level 5.4 Armour
 + Level 5.9 Shields


You had 7 spell levels left.
You didn't know any spells.

Dungeon Overview and Level Annotations

Branches:
Dungeon (6/15)             Temple (1/1) D:6

Altars:
Ashenzari
Cheibriados
Dithmenos
Elyvilon
Gozag
Hepliaklqana
Kikubaaqudgha
Makhleb
Nemelex Xobeh
Okawaru
Ru
Trog
Vehumet
Yredelemnul
Zin
The Shining One

Shops:
D:4 :(!!%

Annotations:
D:5 exclusion: statue


Innate Abilities, Weirdness & Mutations

You cannot be hasted, slowed, berserked, paralysed or teleported.
You can dig through walls and to a lower floor.
Your four strong arms can wield two-handed weapons with a shield.
You have a pair of large antennae on your head. (SInv)


Message History

The orc warrior barely misses you.
You hit the orc warrior.
The orc warrior is almost dead.
The orc warrior closely misses you.
Your shield and chain mail prevent you from hitting the orc warrior.
The orc warrior is almost dead.
The orc warrior barely misses you.
You are feeling hungry.
You closely miss the orc warrior.
The orc warrior is almost dead.
The orc warrior hits you but does no damage.
You block the orc warrior's attack.
You hit the orc warrior but do no damage.
The orc warrior is almost dead.
The orc warrior hits you with a short sword!
* * * LOW HITPOINT WARNING * * *
You hit the orc warrior but do no damage.
The orc warrior is almost dead.
The orc warrior hits you with a short sword.
You die...

...... ### ...... ##o##
...... #### #@#{## #......
#..# #########{## .......
##.##
#........#{##..........
#..###....{...##{#{......o..
##...#........###{o{.o..$...
###..........##.#.[.....o..
##.........#.###........#
####.##....{## #...[...#
#......#.##{## ####.....#


You could see an orc warrior.

Vanquished Creatures
  Duvessa (D:4)
  A centaur (D:6)
  2 bullfrogs
  Dowan (D:4)
  A scorpion (D:5)
  A howler monkey (D:4)
  A crimson imp (D:6)
  A hound (D:4)
  An orc wizard (D:5)
  2 orc priests (D:5)
  A centaur skeleton (D:4)
  4 worker ants
  2 worker ant zombies
  Robin (D:4)
  3 gnolls (D:4)
  A shadow imp (D:5)
  2 oozes
  An adder skeleton (D:4)
  2 worms
  3 dart slugs
  A leopard gecko (D:1)
  8 orcs
  4 giant cockroaches
  8 hobgoblins
  5 kobolds
  A quokka (D:5)
  5 bats
  4 frilled lizards
  19 goblins
  A jackal zombie (D:6)
  7 rats
95 creatures vanquished.

Vanquished Creatures (others)
  A ball python skeleton (D:5)
1 creature vanquished.

Grand Total: 96 creatures vanquished

Notes
Turn   | Place    | Note
-------+----------+-------------------------------------------
     0 | D:1      | inmateoo the Formicid Fighter began the quest for the Orb.
     0 | D:1      | Reached XP level 1. HP: 18/18 MP: 1/1
    63 | D:1      | Reached XP level 2. HP: 21/24 MP: 2/2
   386 | D:1      | Reached XP level 3. HP: 28/29 MP: 3/3
  1038 | D:2      | Reached skill level 3 in Axes
  1498 | D:3      | Reached XP level 4. HP: 34/35 MP: 4/4
  1834 | D:3      | Found a basalt altar of Yredelemnul.
  1896 | D:3      | Found a white marble altar of Elyvilon.
  2134 | D:4      | Noticed Duvessa
  2135 | D:4      | Noticed Dowan
  2160 | D:4      | Killed Duvessa
  2160 | D:4      | Reached skill level 4 in Axes
  2160 | D:4      | Reached XP level 5. HP: 9/42 MP: 5/5
  2163 | D:4      | Killed Dowan
  2163 | D:4      | Reached XP level 6. HP: 7/48 MP: 6/6
  2486 | D:4      | Reached skill level 5 in Shields
  2598 | D:4      | Found Ygenuotu's Food Boutique.
  2742 | D:4      | Found Icitsuull's Book Boutique.
  2746 | D:4      | Found Puycoc's Distillery.
  2752 | D:4      | Reached XP level 7. HP: 51/55 MP: 7/7
  2754 | D:4      | Found Beossug's Antique Weapon Boutique.
  2761 | D:4      | Found Veunacio's Distillery.
  2777 | D:4      | Bought 2 potions of curing for 72 gold pieces
  2951 | D:4      | Noticed Robin
  2974 | D:4      | Killed Robin
  3116 | D:4      | Reached skill level 5 in Axes
  3233 | D:5      | Entered Level 5 of the Dungeon
  3345 | D:5      | Reached skill level 5 in Armour
  3591 | D:5      | Found a radiant altar of Vehumet.
  3776 | D:5      | Found a sparkling altar of Nemelex Xobeh.
  3939 | D:5      | Reached skill level 5 in Fighting
  4003 | D:5      | Noticed a two-headed ogre
  4018 | D:6      | Found a staircase to the Ecumenical Temple.
  4026 | D:6      | Reached XP level 8. HP: 60/62 MP: 8/8
  4061 | Temple   | Entered the Ecumenical Temple
  4093 | Temple   | Became a worshipper of Warmaster Okawaru
  4283 | D:6      | Got a scorched falchion
  4306 | D:6      | Reached skill level 6 in Axes
  4313 | D:6      | Identified the +2 falchion of Terror {slice, Str+5} (You found it on level 6 of the Dungeon)
  4550 | D:6      | HP: 3/62 [orc warrior/short sword (12)]
  4551 | D:6      | Slain by an orc warrior

Vault maps used:
D:1:      elethiomel_arrival_fortress_basement, st_stairs_4
D:3:      kennysheep_ying_yang
D:4:      serial_shops, shop, minmay_shop_grid_forest,
          kennysheep_generic_room_6, uniq_robin, uniq_duvessa
D:5:      vehumet_statue, kennysheep_little_box, first_bread,
          lemuel_flame_loot_1
D:6:      doesnt_xom_only_xom, minmay_temple_entry_trees
Temple:   minmay_temple_bridge_abc

Skill      XL: |  1  2  3  4  5  6  7  8 |
---------------+-------------------------+-----
Shields        | 4 5 |  5.9
Axes           | 3 4 5 6 |  6.1
Fighting       | 4 5 |  5.2
Armour         | 4 5 |  5.4

Action                   |  1- 3 |  4- 6 |  7- 9 || total
-------------------------+-------+-------+-------++-------
Melee: War axe           |   112 |    82 |   177 ||   371
 Abil: Dig               |     2 |     1 |     2 ||     5
  Use: Scroll            |     4 |     5 |     5 ||    14
       Potion            |       |     2 |       ||     2
  Eat: Chunk             |     1 |     5 |     7 ||    13
Armor: Scale mail        |    46 |    28 |       ||    74
       Chain mail        |       |    13 |    77 ||    90
Dodge: Dodged            |    46 |    27 |    40 ||   113
Block: Shield            |    59 |    56 |    97 ||   212
